 Dungeon Crawl Stone Soup version 0.32-a0-791-gfc315c9ecd (webtiles) character file.

Game seed: 12865032831257096798

37 Fodor the Covered (level 3, -1/33 HPs)
             Began as a Minotaur Fighter on Mar 20, 2024.
             Succumbed to Robin's poison
             ... on level 3 of the Dungeon.
             The game lasted 00:02:43 (1391 turns).

Fodor the Covered (Minotaur Fighter)                Turns: 1391, Time: 00:02:43

Health: -1/33      AC:  7    Str: 22    XL:     3   Next: 21%
Magic:  2/2        EV:  8    Int:  5    God:
Gold:   164        SH:  4    Dex:  9    Spells: 2/2 levels left

rFire   + . .        a - +0 war axe
rCold   . . .        c - +0 buckler
rNeg    . . .        b - +0 scale mail
rPois   .            (helmet currently unavailable)
rElec   .            (cloak currently unavailable)
rCorr   .            (gloves currently unavailable)
SInv    .            (boots currently unavailable)
Will    .....        (no amulet) Stlth
                     j - ring of protection from fire
HPRegen 0.25/turn    (no ring)
MPRegen 0.08/turn

%: no passive effects
@: lethally poisoned (-1 -> -25), beast-form
A: beast (slay +0), horns 2, retaliatory headbutt
a: Begin Untransformation


You were on level 3 of the Dungeon.
You were a hulking beast.
You visited 1 branch of the dungeon, and saw 3 of its levels.

You collected 164 gold pieces.

Inventory:

Hand Weapons
 a - a +0 war axe (weapon)
 m - a +0 arbalest
Armour
 b - a +0 scale mail (worn)
 c - a +0 buckler (worn)
Jewellery
 j - a ring of protection from fire (left hand)
 k - a ring of wizardry
Talismans
 l - a beast talisman (active)
Scrolls
 e - 2 scrolls of teleportation {unknown}
 f - a scroll of brand weapon {unknown}
 h - 4 scrolls of identify {unknown}
Potions
 d - 2 potions of might
 g - 2 potions of curing {unknown}
 i - 2 potions of heal wounds {unknown}


   Skills:
 + Level 4.1 Fighting
 + Level 2.8 Axes
 + Level 4.2 Armour
 + Level 0.4 Dodging
 + Level 3.9 Shields


You had 2 spell levels left.
You didn't know any spells.
Your spell library contained the following spells:

 Spells                   Type           Power      Damage    Failure   Level
 Lesser Beckoning         Tloc           0%         N/A       94%         2
 Gell's Gravitas          Tloc           0%         N/A       99%         3
 Teleport Other           Tloc           0%         N/A       99%         3
 Tukima's Dance           Hex            0%         N/A       99%         3
 Passage of Golubria      Tloc           0%         N/A       100%        4
 Yara's Violent Unravell  Hex/Alch       0%         3d3       100%        5


Dungeon Overview and Level Annotations

Branches:
Dungeon (3/15)

Altars:

Annotations:
D:3 1 transporter, 1 runed translucent door, elongatedgoose's ghost, amateur SpBr


Innate Abilities, Weirdness & Mutations

You are a hulking beast.
Your limbs bulge with bestial killing power. (Slay +0)
You have a pair of horns on your head.
You reflexively headbutt those who attack you in melee.


Message History

The goblin misses you. You furiously retaliate!
You headbutt the goblin. You closely miss the goblin.
The goblin is heavily wounded.
You feel sick.
Robin hits you from afar with a +1 spear of venom.
You are more poisoned.
The goblin hits you but does no damage.
You hit the goblin.
You kill the goblin!
You feel very sick. Robin hits you but does no damage.
You are more poisoned.
A goblin comes into view. It is wielding a +0 club.
You feel very sick.
The goblin shouts!
You hear a shout!
Robin hits you but does no damage.
You are lethally poisoned!
Things that are here:
a +0 club; a +0 dagger; a goblin corpse Unknown command.
You barely miss Robin.
You feel extremely sick. Robin throws the goblin at you!
The goblin hits you but does no damage.
Robin says, "Feeling lonely?"
Robin hits you but does no damage.
A goblin comes into view. It is wielding a +0 club.
The goblin hits you but does no damage.
You slash Robin! Your headbutt misses Robin.
Robin is severely wounded.
You slash the goblin!
You kill the goblin!
* * * LOW HITPOINT WARNING * * *
You feel very sick.
Robin hits you with a +1 spear of venom.
* * * LOW HITPOINT WARNING * * *
You are more poisoned.
A hobgoblin comes into view.
You slash Robin!
You kill Robin!
You die...

##.#########
#..........#
##########.#
#.# #.# #.#
#.# #)# #h#
#)# #g# g..
#.# #.. #.#
###


You could see a hobgoblin (strong) and a goblin (strong).

Vanquished Creatures
  Robin (D:3)
  2 dart slugs
  A ribbon worm (D:2)
  4 bats
  2 endoplasms
  A giant cockroach (D:2)
  5 kobolds
  A ball python (D:1)
  5 frilled lizards
  5 goblins
  5 rats
32 creatures vanquished.

Notes
Turn   | Place    | Note
-------+----------+-------------------------------------------
     0 | D:1      | Fodor the Minotaur Fighter began the quest for the Orb.
     0 | D:1      | Reached XP level 1. HP: 19/19 MP: 0/0
   432 | D:1      | Reached XP level 2. HP: 27/27 MP: 1/1
  1050 | D:2      | Reached XP level 3. HP: 33/33 MP: 2/2
  1259 | D:3      | Found a transporter.
  1283 | D:3      | Noticed elongatedgoose's ghost (amateur SpBr)
  1286 | D:3      | Found a runed translucent door.
  1383 | D:3      | Noticed Robin
  1391 | D:3      | Killed Robin
  1391 | D:3      | Succumbed to Robin's poison

Illustrated notes

Levels and vault maps discovered:
D:1:      co_arrival_square_in_a_square_in_a_square, layout_basic
D:2:      layout_rooms, minivault_4
D:3:      gammafunk_wand_slinger, layout_basic, hellmonk_ghost_happy_afterlife,
          basic_ecumenical_altar, minmay_misc_feat_four_crosses,
          nicolae_figureground_pulse, uniq_crazy_yiuf_cottage, uniq_robin

Skill      XL: |  1  2 |
---------------+-------+-----
Fighting       | 4 |  4.1
Armour         | 4 |  4.2
Axes           | |  2.8
Dodging        | |  0.4
Shields        | |  3.9

Action                     || total
---------------------------++-------
  Melee: War axe           ||    65
         Headbutt          ||     4
 Armour: Scale mail        ||    51
  Dodge: Dodged            ||    41
  Block: Buckler           ||    19
   Form: Beast             ||     1

Table legend: (Time is in decaauts)
 A = Elapsed time spent in this place.
 B = Non-inter-level travel time spent in this place.
 C = Inter-level travel time spent in this place.
 D = Time resting spent in this place.
 E = Time spent auto-exploring this place.
 F = Levels seen in this place.
 G = Mean time per level.
                   A        B        C        D        E       F      G
               +--------+--------+--------+--------+--------+-----+--------+
         Total |   1417 |   1397 |     20 |      0 |   1072 |   3 |  472.3 |
       Dungeon |   1417 |   1397 |     20 |      0 |   1072 |   3 |  472.3 |
               +--------+--------+--------+--------+--------+-----+--------+

Top non-repeatable levels by time:
     D:1: 723 daAuts
     D:2: 447 daAuts
     D:3: 246 daAuts
